 Dungeon Crawl Stone Soup version 0.20.0-15-g7f486f2 (webtiles) character file.

85 miragecloak the Cudgeler (level 4, -1/35 HPs)
             Began as a Formicid Abyssal Knight on June 28, 2017.
             Was a Follower of Lugonu.
             Succumbed to an adder's poison
             ... on level 5 of the Dungeon on June 29, 2017.
             The game lasted 00:03:05 (2398 turns).

miragecloak the Cudgeler (Formicid Abyssal Knight)  Turns: 2398, Time: 00:03:06

Health: -1/35      AC:  3    Str: 17    XL:     4   Next: 75%
Magic:  5/5        EV: 11    Int: 11    God:    Lugonu [*.....]
Gold:   62         SH:  0    Dex: 11    Spells: 3/3 levels left

rFire    . . .     SeeInvis +   a - +1 mace
rCold    . . .     Gourm    .   (no shield)
rNeg     . . .     Faith    .   b - +0 leather armour
rPois    .         Spirit   .   (helmet unavailable)
rElec    .         Reflect  .   (no cloak)
rCorr    .         Harm     .   (no gloves)
MR       .....                  (no boots)
Stlth    +.........             (no amulet)
Regen    0.2/turn               (no ring)
MPRegen  0.1/turn               (no ring)

@: lethally poisoned (-1 -> -17)
A: permanent stasis, dig shafts and tunnels, four strong arms, antennae 3
a: Dig, Shaft Self, Depart the Abyss, Renounce Religion


You were on level 5 of the Dungeon.
You worshipped Lugonu.
Lugonu was aware of your devotion.
You were not hungry.

You visited 1 branch of the dungeon, and saw 5 of its levels.
You visited the Abyss 1 time.

You collected 62 gold pieces.

Inventory:

Hand Weapons
 a - a +1 mace (weapon)
Armour
 b - a +0 leather armour (worn)
Scrolls
 d - a scroll of enchant weapon {unknown}
 e - a scroll of blinking {unknown}
 f - a scroll of identify {unknown}
 g - 2 scrolls of immolation {unknown}
 h - 3 scrolls of teleportation {unknown}
 l - 2 scrolls of remove curse {unknown}
 m - a scroll of noise {unknown}
Potions
 o - a potion of curing {unknown}
Comestibles
 c - a bread ration
 j - 2 meat rations
 k - a royal jelly


   Skills:
 - Level 3.2 Fighting
 + Level 4.5 Maces & Flails
 - Level 2.1 Armour
 + Level 0.8 Dodging
 - Level 2.1 Invocations


You had 3 spell levels left.
You didn't know any spells.

Dungeon Overview and Level Annotations

Branches:
Dungeon (4/15)
 Temple: D:4-7

Altars:

Annotations:
D:2 1 runed door
D:3 Sigmund


Innate Abilities, Weirdness & Mutations

You cannot be hasted, slowed, berserked, paralysed or teleported.
You can dig through walls and to a lower floor.
Your four strong arms can wield two-handed weapons with a shield.
You have a pair of large antennae on your head. (SInv)


Message History

The adder bites you.
* * * LOW HITPOINT WARNING * * *
You are lethally poisoned!
The adder poisons you! The adder bites you.
* * * LOW HITPOINT WARNING * * *
You are more poisoned.
The adder poisons you!
Unknown command.
You hit the adder but do no damage.
The adder is heavily wounded.
* * * LOW HITPOINT WARNING * * *
You feel sick. The adder bites you but does no damage.
You barely miss the adder.
The adder is heavily wounded.
* * * LOW HITPOINT WARNING * * *
You feel sick. The adder barely misses you. The adder bites you.
* * * LOW HITPOINT WARNING * * *
You miss the adder.
The adder is heavily wounded.
You die...

.............
#.............
+.............
#............#
#............#
#............#
#............#
#....@.......#
######S......#
#.......#
+.......#
#.......#
#.......#
#.......#
###.....#
.....#


You could see an adder.

Vanquished Creatures
  3 adders (D:2)
  An ooze (D:1)
  A worm (D:2)
  2 dart slugs (D:1)
  3 leopard geckos
  A ball python (D:2)
  2 bats
  2 giant cockroaches (D:1)
  6 goblins
  6 hobgoblins
  7 kobolds (D:1)
  A quokka (D:2)
  2 frilled lizards (D:1)
  2 rats (D:1)
39 creatures vanquished.

Notes
Turn   | Place    | Note
-------+----------+-------------------------------------------
     0 | Abyss:1  | miragecloak the Formicid Abyssal Knight began the quest for the Orb.
     0 | Abyss:1  | Reached XP level 1. HP: 18/18 MP: 2/2
    30 | Abyss:1  | Noticed a quicksilver dragon skeleton
    30 | Abyss:1  | Noticed a tentacled starspawn
    31 | D:1      | Escaped the Abyss
   242 | D:1      | Reached XP level 2. HP: 24/24 MP: 3/3
   320 | D:1      | Reached skill level 3 in Maces & Flails
   355 | D:1      | Reached * piety under Lugonu
   440 | D:1      | Reached XP level 3. HP: 11/29 MP: 4/4
  1285 | D:2      | Found a runed door.
  1326 | D:2      | Reached XP level 4. HP: 18/35 MP: 5/5
  1483 | D:2      | Reached skill level 4 in Maces & Flails
  2160 | D:3      | Noticed Sigmund
  2365 | D:4      | HP: 1/35 [adder (4)]
  2369 | D:4      | You fall through a shaft!
  2369 | D:5      | Entered Level 5 of the Dungeon
  2397 | D:5      | HP: 1/35 [adder (3)]
  2398 | D:5      | Succumbed to an adder's poison

Skill      XL: |  1  2  3  4 |
---------------+-------------+-----
Maces & Flails | 3 4 |  4.5
Fighting       | |  3.2
Armour         | |  2.1
Dodging        | |  0.8
Invocations    | |  2.1

Action                   |  1- 3 |  4- 6 || total
-------------------------+-------+-------++-------
Melee: Mace              |    74 |    47 ||   121
Invok: Depart the Abyss  |     1 |       ||     1
 Abil: Shaft Self        |       |     1 ||     1
  Use: Potion            |       |     2 ||     2
  Eat: Chunk             |     1 |     4 ||     5
Armor: Leather armour    |    12 |     7 ||    19
Dodge: Dodged            |    44 |    34 ||    78
